TOP OF THE 1ST |
Bishop Gorman HS Balbasaurs batting - Pitching for Broken Arrow HS : RHP Michael Crosby
|
Pitching: RHP Michael Crosby
|
|
Batting: RHB Steve Murphy
|
0-0: Ground out 6-3 (Groundball, 6)
|
Batting: RHB Jake Rutledge
|
0-0: Swinging Strike 0-1: SINGLE (Line Drive, 56D)
|
Batting: LHB Jean-Sébastien Beaudin
|
0-0: Called Strike 0-1: SINGLE (Line Drive, 9LS) Jake Rutledge to second Runner from 2nd tries for 3rd, SAFE, throw made to third
|
Batting: RHB Max Kimball
|
0-0: Ball 1-0: Foul Ball, location: 2F 1-1: Ball 2-1: Ball 3-1: Fly out, F9 (Flyball, 9LS)
|
Batting: RHB Sidney Gilbert
|
0-0: Swinging Strike 0-1: Ball Pickoff Throw to First - Error! E1 Jake Rutledge scores Jean-Sébastien Beaudin to second 1-1: SINGLE (Groundball, 6MD) (infield hit) Jean-Sébastien Beaudin to third
|
Batting: LHB Zhen-bang Rao
|
0-0: Called Strike Sidney Gilbert steals 2nd base 0-1: Ball 1-1: Ground out 6-3 (Groundball, 6M)
|
Top of the 1st over - 1 run(s), 3 hit(s), 1 error(s), 2 left on base; Bishop Gorman HS 1 - Broken Arrow HS 0 |
BOTTOM OF THE 1ST |
Broken Arrow HS batting - Pitching for Bishop Gorman HS Balbasaurs : RHP Chris Cantrell
|
Pitching: RHP Chris Cantrell
|
|
Batting: LHB José Esparza
|
0-0: Foul Ball, location: 2F 0-1: DOUBLE (Flyball, 89XD)
|
Batting: RHB Craig Porter
|
0-0: Swinging Strike 0-1: Swinging Strike 0-2: Ground out 4-3 (Groundball, 4) José Esparza to third
|
Batting: RHB George Green
|
0-0: Ball 1-0: SINGLE (Flyball, 7LS) José Esparza scores
|
Batting: RHB David Adams
|
Pickoff Throw to First - Out! 0-0: Called Strike 0-1: Ball 1-1: Ball 2-1: Foul Ball, location: 2F 2-2: Ball 3-2: Foul Ball, location: 2F 3-2: Base on Balls
|
Batting: RHB Jon Bush
|
0-0: Ball 1-0: Ball 2-0: Ball Wild Pitch! David Adams to second 3-0: Base on Balls
|
Batting: LHB António Chávez
|
0-0: Called Strike 0-1: Ball 1-1: SINGLE (Groundball, 2L) (infield hit) David Adams to third Jon Bush to second
|
Batting: SHB Philippe Paquin
|
0-0: Ball 1-0: Called Strike 1-1: Ball 2-1: Ball 3-1: Base on Balls David Adams scores Jon Bush to third António Chávez to second
|
Batting: RHB Ronnie Starr
|
0-0: Called Strike 0-1: Ground out 4-3 (Groundball, 13)
|
Bottom of the 1st over - 2 run(s), 3 hit(s), 0 error(s), 3 left on base; Bishop Gorman HS 1 - Broken Arrow HS 2 |
TOP OF THE 2ND |
Bishop Gorman HS Balbasaurs batting - Pitching for Broken Arrow HS : RHP Michael Crosby
|
Batting: RHB Ramón Chávez
|
0-0: Foul Ball, location: 2F 0-1: Ball 1-1: Ball 2-1: SINGLE (Line Drive, 4MD)
|
Batting: RHB Mario Ramírez
|
0-0: Ball 1-0: Foul Ball, location: 2F 1-1: 2-RUN HOME RUN (Flyball, 7D), Distance : 392 ft
|
Batting: RHB Bryan Martínez
|
0-0: Called Strike 0-1: Called Strike 0-2: Ball 1-2: Ground out 5-3 (Groundball, 56)
|
Batting: RHB Steve Murphy
|
0-0: Ball 1-0: Called Strike 1-1: Foul Ball, location: 2F 1-2: Strikes out swinging
|
Batting: RHB Jake Rutledge
|
0-0: Called Strike 0-1: Ball 1-1: Ball 2-1: Fly out, F9 (Flyball, 9M)
|
Top of the 2nd over - 2 run(s), 2 hit(s), 0 error(s), 0 left on base; Bishop Gorman HS 3 - Broken Arrow HS 2 |
BOTTOM OF THE 2ND |
Broken Arrow HS batting - Pitching for Bishop Gorman HS Balbasaurs : RHP Chris Cantrell
|
Batting: RHB Chris Lancaster
|
0-0: Foul Ball, location: 2F 0-1: Ball 1-1: Ball 2-1: Foul Ball, location: 2F 2-2: Foul Ball, location: 2F 2-2: Ball 3-2: Foul Ball, location: 2F 3-2: Foul Ball, location: 2F 3-2: Base on Balls
|
Batting: LHB José Esparza
|
0-0: Ball 1-0: Ball 2-0: Swinging Strike 2-1: Fly out, F8 (Flyball, 8RM)
|
Batting: RHB Craig Porter
|
0-0: Ball 1-0: Foul Ball, location: 2F 1-1: 2-RUN HOME RUN (Line Drive, 78XD), Distance : 417 ft
|
Batting: RHB George Green
|
0-0: Called Strike 0-1: Called Strike 0-2: Foul Ball, location: 2F 0-2: Ball 1-2: Ball 2-2: Strikes out swinging
|
Batting: RHB David Adams
|
0-0: Ball 1-0: Ground out 6-3 (Groundball, 6)
|
Bottom of the 2nd over - 2 run(s), 1 hit(s), 0 error(s), 0 left on base; Bishop Gorman HS 3 - Broken Arrow HS 4 |
TOP OF THE 3RD |
Bishop Gorman HS Balbasaurs batting - Pitching for Broken Arrow HS : RHP Michael Crosby
|
Batting: LHB Jean-Sébastien Beaudin
|
0-0: Ball 1-0: Ball 2-0: Ball 3-0: Called Strike 3-1: SINGLE (Groundball, 3D)
|
Batting: RHB Max Kimball
|
0-0: Ball 1-0: Ball 2-0: Ball 3-0: Base on Balls Jean-Sébastien Beaudin to second
|
Batting: RHB Sidney Gilbert
|
0-0: Ball 1-0: Ball 2-0: Fielders Choice at 2nd, 6-4 (Groundball, 6) Jean-Sébastien Beaudin to third
|
Batting: LHB Zhen-bang Rao
|
0-0: Called Strike 0-1: Called Strike 0-2: Fly out, F3 (Popup, 34S)
|
Batting: RHB Ramón Chávez
|
0-0: Foul Ball, location: 2F 0-1: Ball 1-1: Ball 2-1: Swinging Strike 2-2: SINGLE (Line Drive, 7LS) Jean-Sébastien Beaudin scores Sidney Gilbert to second
|
Batting: RHB Mario Ramírez
|
0-0: Called Strike 0-1: SINGLE (Groundball, 6MD) Sidney Gilbert to third Ramón Chávez to second Runner from 3rd tries for Home, SAFE, no throw or cutoff
|
Batting: RHB Bryan Martínez
|
0-0: Called Strike 0-1: Ball 1-1: Swinging Strike 1-2: Ball 2-2: Strikes out swinging
|
Top of the 3rd over - 2 run(s), 3 hit(s), 0 error(s), 2 left on base; Bishop Gorman HS 5 - Broken Arrow HS 4 |
BOTTOM OF THE 3RD |
Broken Arrow HS batting - Pitching for Bishop Gorman HS Balbasaurs : RHP Chris Cantrell
|
Batting: RHB Jon Bush
|
0-0: Ball 1-0: Foul Ball, location: 2F 1-1: SINGLE (Flyball, 89S)
|
Batting: LHB António Chávez
|
0-0: Ball Throwing error on steal attempt, E2 Jon Bush to third 1-0: Foul Ball, location: 2F 1-1: Ball 2-1: Ball 3-1: Base on Balls
|
Batting: SHB Philippe Paquin
|
0-0: Called Strike 0-1: Foul Ball, location: 2F 0-2: Ball 1-2: SINGLE (Groundball, 34) Jon Bush scores António Chávez to second Runner from 2nd tries for 3rd, SAFE, throw made to third
|
Batting: RHB Ronnie Starr
|
0-0: DOUBLE (Flyball, 7M) António Chávez scores Philippe Paquin to third
|
Batting: RHB Chris Lancaster
|
0-0: Fly out, F9 (Flyball, 9S)
|
Batting: LHB José Esparza
|
0-0: Fly out, F5 (Popup, 56S)
|
Batting: RHB Craig Porter
|
0-0: Called Strike 0-1: Foul Ball, location: 2F 0-2: Ball 1-2: Ball 2-2: Strikes out swinging
|
Bottom of the 3rd over - 2 run(s), 3 hit(s), 1 error(s), 2 left on base; Bishop Gorman HS 5 - Broken Arrow HS 6 |
TOP OF THE 4TH |
Bishop Gorman HS Balbasaurs batting - Pitching for Broken Arrow HS : RHP Michael Crosby
|
Batting: RHB Steve Murphy
|
0-0: Ball 1-0: Ball 2-0: Swinging Strike 2-1: Ball 3-1: Base on Balls
|
Batting: RHB Jake Rutledge
|
0-0: Called Strike 0-1: Ball 1-1: Ball 2-1: Ball 3-1: Foul Ball, location: 2F 3-2: Foul Ball, location: 2F 3-2: Base on Balls Steve Murphy to second
|
Batting: LHB Jean-Sébastien Beaudin
|
0-0: Ball 1-0: Ball 2-0: Ground out 3-1 (Groundball, 34S) Steve Murphy to third Jake Rutledge to second
|
Batting: RHB Max Kimball
|
0-0: Ball 1-0: Ball 2-0: Called Strike 2-1: Ball 3-1: Called Strike 3-2: Foul Ball, location: 2F 3-2: Foul Ball, location: 2F 3-2: Fly out, F7 (Flyball, 78M) Runner from 3rd tags up, SCORES, no throw
|
Pitching: RHP Donnie Davenport
|
|
Batting: RHB Sidney Gilbert
|
0-0: Ball 1-0: Called Strike 1-1: Ball 2-1: Ball 3-1: Base on Balls
|
Batting: LHB Zhen-bang Rao
|
0-0: Called Strike 0-1: Ball 1-1: Foul Ball, location: 2F 1-2: Ball 2-2: Strikes out swinging
|
Top of the 4th over - 1 run(s), 0 hit(s), 0 error(s), 2 left on base; Bishop Gorman HS 6 - Broken Arrow HS 6 |
BOTTOM OF THE 4TH |
Broken Arrow HS batting - Pitching for Bishop Gorman HS Balbasaurs : RHP Chris Cantrell
|
Batting: RHB George Green
|
0-0: Ball 1-0: Ball 2-0: Ball 3-0: Base on Balls
|
Batting: RHB David Adams
|
0-0: Called Strike 0-1: SINGLE (Groundball, 34) George Green to second Runner from 2nd tries for 3rd, SAFE, no throw or cutoff
|
Batting: RHB Jon Bush
|
0-0: Swinging Strike 0-1: Ball 1-1: Foul Ball, location: 2F 1-2: Foul Ball, location: 2F 1-2: SINGLE (Line Drive, 89S) George Green scores David Adams to second
|
Pitching: RHP Craig Stanley
|
|
Batting: LHB António Chávez
|
0-0: Called Strike 0-1: Called Strike 0-2: Ball 1-2: Ball 2-2: Ball 3-2: Strikes out swinging
|
Batting: SHB Philippe Paquin
|
0-0: Called Strike 0-1: Ball 1-1: Called Strike 1-2: Foul Ball, location: 2F 1-2: Ball 2-2: Ball 3-2: Grounds into double play, 4-6-3 (Groundball, 4)
|
Bottom of the 4th over - 1 run(s), 2 hit(s), 0 error(s), 1 left on base; Bishop Gorman HS 6 - Broken Arrow HS 7 |
TOP OF THE 5TH |
Bishop Gorman HS Balbasaurs batting - Pitching for Broken Arrow HS : RHP Donnie Davenport
|
Batting: RHB Ramón Chávez
|
0-0: Called Strike 0-1: Swinging Strike 0-2: Ball 1-2: Strikes out swinging
|
Batting: RHB Mario Ramírez
|
0-0: Ball 1-0: Called Strike 1-1: Ball 2-1: Ground out 5-3 (Groundball, 5S)
|
Batting: RHB Bryan Martínez
|
0-0: Foul Ball, location: 2F 0-1: Swinging Strike 0-2: Strikes out swinging
|
Top of the 5th over - 0 run(s), 0 hit(s), 0 error(s), 0 left on base; Bishop Gorman HS 6 - Broken Arrow HS 7 |
BOTTOM OF THE 5TH |
Broken Arrow HS batting - Pitching for Bishop Gorman HS Balbasaurs : RHP Craig Stanley
|
Batting: RHB Ronnie Starr
|
0-0: SINGLE (Groundball, 56)
|
Batting: RHB Chris Lancaster
|
0-0: Called Strike 0-1: Called Strike 0-2: Strikes out swinging
|
Batting: LHB José Esparza
|
0-0: Called Strike 0-1: SINGLE (Line Drive, 89S) Ronnie Starr to second
|
Batting: RHB Craig Porter
|
0-0: Ball 1-0: Called Strike Ronnie Starr is caught stealing 3rd base José Esparza to second 1-1: Foul Ball, location: 2F 1-2: Foul Ball, location: 2F 1-2: Ground out 5-3 (Groundball, 5L)
|
Bottom of the 5th over - 0 run(s), 2 hit(s), 0 error(s), 1 left on base; Bishop Gorman HS 6 - Broken Arrow HS 7 |
TOP OF THE 6TH |
Bishop Gorman HS Balbasaurs batting - Pitching for Broken Arrow HS : RHP Donnie Davenport
|
Batting: RHB Steve Murphy
|
0-0: Called Strike 0-1: Called Strike 0-2: Strikes out swinging
|
Batting: RHB Jake Rutledge
|
0-0: Ball 1-0: Ball 2-0: Fly out, F4 (Popup, 4)
|
Batting: LHB Jean-Sébastien Beaudin
|
0-0: Ball 1-0: Ball 2-0: Ball 3-0: Base on Balls
|
Batting: RHB Max Kimball
|
0-0: Ball 1-0: Ball 2-0: Fielders Choice at 2nd, 6-4 (Groundball, 56)
|
Top of the 6th over - 0 run(s), 0 hit(s), 0 error(s), 0 left on base; Bishop Gorman HS 6 - Broken Arrow HS 7 |
BOTTOM OF THE 6TH |
Broken Arrow HS batting - Pitching for Bishop Gorman HS Balbasaurs : RHP Craig Stanley
|
Batting: RHB George Green
|
0-0: Ball 1-0: Called Strike 1-1: Called Strike 1-2: Foul Ball, location: 2F 1-2: Ball 2-2: Strikes out swinging
|
Batting: RHB David Adams
|
0-0: Ball 1-0: Foul Ball, location: 2F 1-1: Ball 2-1: SINGLE (Groundball, 56)
|
Batting: RHB Jon Bush
|
0-0: Fly out, F9 (Line Drive, 9S)
|
Batting: LHB António Chávez
|
0-0: Ball 1-0: Called Strike 1-1: Swinging Strike 1-2: Strikes out swinging
|
Bottom of the 6th over - 0 run(s), 1 hit(s), 0 error(s), 1 left on base; Bishop Gorman HS 6 - Broken Arrow HS 7 |
TOP OF THE 7TH |
Bishop Gorman HS Balbasaurs batting - Pitching for Broken Arrow HS : RHP Donnie Davenport
|
Pitching: RHP Dave Spensley
|
|
Batting: RHB Sidney Gilbert
|
0-0: Ball 1-0: Ball 2-0: Swinging Strike 2-1: Called Strike 2-2: Foul Ball, location: 2F 2-2: Ball 3-2: Base on Balls
|
Batting: LHB Zhen-bang Rao
|
0-0: Swinging Strike 0-1: Reached on error, E1 (Groundball, 15) Sidney Gilbert to second
|
Batting: RHB Ramón Chávez
|
0-0: Called Strike 0-1: Swinging Strike 0-2: Ball 1-2: Ball 2-2: Ball 3-2: Base on Balls Sidney Gilbert to third Zhen-bang Rao to second
|
Batting: RHB Mario Ramírez
|
0-0: Swinging Strike 0-1: Ball 1-1: Swinging Strike 1-2: Ball 2-2: TRIPLE (Line Drive, 89M) Sidney Gilbert scores Zhen-bang Rao scores Ramón Chávez scores
|
Batting: RHB Bryan Martínez
|
0-0: Ball 1-0: Ball 2-0: Called Strike 2-1: Ball 3-1: Swinging Strike 3-2: Foul Ball, location: 2F 3-2: Base on Balls
|
Batting: RHB Steve Murphy
|
0-0: SINGLE (Line Drive, 8LS) Mario Ramírez scores Bryan Martínez to second
|
Pitching: RHP Miguel Casillas
|
|
Batting: RHB Jake Rutledge
|
0-0: Bunt - Flyout! F1
|
Batting: LHB Jean-Sébastien Beaudin
|
0-0: Called Strike 0-1: Ball 1-1: Swinging Strike 1-2: Ball 2-2: DOUBLE (Line Drive, 9LM) Bryan Martínez scores Steve Murphy to third
|
Batting: RHB Max Kimball
|
0-0: Foul Ball, location: 2F 0-1: Ground out 6-3 (Groundball, 6M) Steve Murphy scores Jean-Sébastien Beaudin to third
|
Batting: RHB Sidney Gilbert
|
0-0: Called Strike 0-1: Swinging Strike 0-2: Strikes out swinging
|
Top of the 7th over - 6 run(s), 3 hit(s), 1 error(s), 1 left on base; Bishop Gorman HS 12 - Broken Arrow HS 7 |
BOTTOM OF THE 7TH |
Broken Arrow HS batting - Pitching for Bishop Gorman HS Balbasaurs : RHP Craig Stanley
|
Pitching: LHP Brian Armstrong
|
|
Batting: SHB Philippe Paquin
|
0-0: Foul Ball, location: 2F 0-1: Fly out, F3 (Popup, 23F)
|
Batting: RHB Ronnie Starr
|
0-0: Ball 1-0: Ball 2-0: Ball 3-0: Base on Balls
|
Batting: RHB Chris Lancaster
|
0-0: Hit by Pitch Ronnie Starr to second
|
Batting: LHB José Esparza
|
0-0: Called Strike 0-1: Called Strike 0-2: Ball 1-2: Ball 2-2: Foul Ball, location: 2F 2-2: Fly out, F8 (Flyball, 8RM)
|
Batting: RHB Craig Porter
|
0-0: Foul Ball, location: 2F 0-1: Foul Ball, location: 2F 0-2: Foul Ball, location: 2F 0-2: Foul Ball, location: 2F 0-2: Foul Ball, location: 2F 0-2: Foul Ball, location: 2F 0-2: Ball 1-2: Ball 2-2: Fly out, F9 (Flyball, 89D)
|
Bottom of the 7th over - 0 run(s), 0 hit(s), 0 error(s), 2 left on base; Bishop Gorman HS 12 - Broken Arrow HS 7 |
TOP OF THE 8TH |
Bishop Gorman HS Balbasaurs batting - Pitching for Broken Arrow HS : RHP Miguel Casillas
|
Batting: LHB Zhen-bang Rao
|
0-0: Foul Ball, location: 2F 0-1: Swinging Strike 0-2: Ball 1-2: Foul Ball, location: 2F 1-2: Strikes out swinging
|
Batting: RHB Ramón Chávez
|
0-0: Called Strike 0-1: Ground out 6-3 (Groundball, 6)
|
Batting: RHB Mario Ramírez
|
0-0: Called Strike 0-1: Ball 1-1: Foul Ball, location: 2F 1-2: Ball 2-2: Strikes out swinging
|
Top of the 8th over - 0 run(s), 0 hit(s), 0 error(s), 0 left on base; Bishop Gorman HS 12 - Broken Arrow HS 7 |
BOTTOM OF THE 8TH |
Broken Arrow HS batting - Pitching for Bishop Gorman HS Balbasaurs : LHP Brian Armstrong
|
Now at SS: Kent Bannatyne
|
|
Batting: RHB George Green
|
0-0: Foul Ball, location: 2F 0-1: Ball 1-1: Ball 2-1: Ball 3-1: Base on Balls
|
Batting: RHB David Adams
|
0-0: Called Strike 0-1: Ball 1-1: Grounds into double play, U6-3 (Groundball, 6)
|
Batting: RHB Jon Bush
|
0-0: Ball 1-0: Ball 2-0: Called Strike 2-1: Ball 3-1: Called Strike 3-2: Foul Ball, location: 2F 3-2: Base on Balls
|
Batting: LHB António Chávez
|
0-0: Swinging Strike 0-1: Foul Ball, location: 2F 0-2: Ball 1-2: Foul Ball, location: 2F 1-2: Strikes out swinging
|
Bottom of the 8th over - 0 run(s), 0 hit(s), 0 error(s), 1 left on base; Bishop Gorman HS 12 - Broken Arrow HS 7 |
TOP OF THE 9TH |
Bishop Gorman HS Balbasaurs batting - Pitching for Broken Arrow HS : RHP Miguel Casillas
|
Batting: RHB Bryan Martínez
|
0-0: Called Strike 0-1: Ground out U3 (Groundball, 3)
|
Batting: RHB Steve Murphy
|
0-0: DOUBLE (Line Drive, 7LS)
|
Batting: RHB Jake Rutledge
|
0-0: Called Strike 0-1: Foul Ball, location: 2F 0-2: Ball 1-2: Ball 2-2: Strikes out looking
|
Pitching: RHP James Harmon
|
|
Batting: LHB Jean-Sébastien Beaudin
|
0-0: Ball 1-0: Ball 2-0: Ball 3-0: Base on Balls
|
Batting: RHB Max Kimball
|
0-0: Ball 1-0: Foul Ball, location: 2F 1-1: Ball 2-1: Ball 3-1: Foul Ball, location: 2F 3-2: Base on Balls Steve Murphy to third Jean-Sébastien Beaudin to second
|
Batting: RHB Sidney Gilbert
|
0-0: Fielders Choice at 2nd, 5-4 (Groundball, 5)
|
Top of the 9th over - 0 run(s), 1 hit(s), 0 error(s), 2 left on base; Bishop Gorman HS 12 - Broken Arrow HS 7 |
BOTTOM OF THE 9TH |
Broken Arrow HS batting - Pitching for Bishop Gorman HS Balbasaurs : LHP Brian Armstrong
|
Pitching: RHP Will Brown
|
|
Batting: SHB Philippe Paquin
|
0-0: Swinging Strike 0-1: Ball 1-1: Foul Ball, location: 2F 1-2: Ball 2-2: Foul Ball, location: 2F 2-2: Strikes out looking
|
Batting: RHB Ronnie Starr
|
0-0: Swinging Strike 0-1: Ball 1-1: Swinging Strike 1-2: Ball 2-2: Strikes out swinging
|
Batting: RHB Chris Lancaster
|
0-0: Swinging Strike 0-1: Foul Ball, location: 2F 0-2: Ball 1-2: Strikes out swinging
|
Bottom of the 9th over - 0 run(s), 0 hit(s), 0 error(s), 0 left on base; Bishop Gorman HS 12 - Broken Arrow HS 7 |
|